 Dungeon Crawl Stone Soup version 0.21.1-1-g345015f (webtiles) character file.

34788 tidbits the Thaumaturge (level 13, 0/99 HPs)
             Began as a Gnoll Ice Elementalist on Mar 29, 2018.
             Was a High Priest of Cheibriados.
             Slain by a ghost moth (9 damage)
             ... on level 4 of the Spider Nest.
             The game lasted 01:31:29 (4905 turns).

tidbits the Thaumaturge (Gnoll Ice Elementalist)    Turns: 4905, Time: 01:31:30

Health: 0/99       AC: 12    Str: 28      XL:     13   Next: 79%
Magic:  10/26      EV: 25    Int: 31 (32) God:    Cheibriados [*****.]
Gold:   771        SH:  0    Dex: 38      Spells: 9/31 levels left

rFire    + . .     SeeInvis .   a - +1 dagger (protect)
rCold    + . .     Gourm    .   (no shield)
rNeg     + . .     Faith    .   B - +2 robe {MR+}
rPois    +         Spirit   .   E - -2 hat of the Alchemist {rElec rPois rF+ rC+ rN+ MR+ rMut rCorr}
rElec    +         Reflect  .   (no cloak)
rCorr    +         Harm     .   G - +1 pair of gloves
rMut     +                      F - +2 pair of boots "Wibomuiw" {MR- Str+4 Dex+8}
MR       +....                  y - amulet of magic regeneration
Stlth    +++++++...             U - +4 ring of protection
HPRegen  0.26/turn              t - ring of Incredulity {+Inv rElec Int-2 Stlth+}
MPRegen  0.45/turn

@: very slightly contaminated, invisible, very slow
A: distributed training, fangs 1, strong nose
a: Bend Time, Temporal Distortion, Slouch, Step From Time, Renounce Religion


You were on level 4 of the Spider Nest.
You worshipped Cheibriados.
Cheibriados was extremely pleased with you.
You were not hungry.

You visited 4 branches of the dungeon, and saw 20 of its levels.
You also visited: Labyrinth and Ice Cave.

You collected 771 gold pieces.

Inventory:

Hand Weapons
 a - a +1 dagger of protection (weapon)
   (You took it off an orc on level 7 of the Dungeon)
 b - a +4 trident
 l - a -2 hand crossbow
 w - a +0 shortbow
 D - a +1 flail of protection
   (You found it on level 3 of the Lair of Beasts)
 R - a +0 broad axe
Missiles
 k - 182 arrows
 M - 57 stones (quivered)
 O - 8 bolts
Armour
 f - the +4 plate armour of the Furies {rPois Int+4 Stlth+}
   (You found it in a labyrinth)

   It affects your intelligence (+4).
   It protects you from poison.
   It makes you more stealthy.
 B - a +2 robe of magic resistance (worn)
   (You found it in a labyrinth)
 E - the -2 hat of the Alchemist (worn) {rElec rPois rF+ rC+ rN+ MR+ rMut rCorr}
   (You found it in a labyrinth)

   It protects you from fire.
   It protects you from cold.
   It insulates you from electricity.
   It protects you from poison.
   It protects you from negative energy.
   It affects your resistance to hostile enchantments.
   It protects you from acid and corrosion.
   It protects you from mutation.
 F - the +2 pair of boots "Wibomuiw" (worn) {MR- Str+4 Dex+8}
   (You found it in a labyrinth)

   It affects your strength (+4).
   It affects your dexterity (+8).
   It affects your resistance to hostile enchantments.
 G - a +1 pair of gloves (worn)
 T - a +0 pair of boots
Jewellery
 q - a +3 amulet of reflection
   (You found it on level 4 of the Dungeon)
 t - the ring of Incredulity (right hand) {+Inv rElec Int-2 Stlth+}
   (You found it on level 3 of the Spider Nest)

   [ring of stealth]

   It affects your intelligence (-2).
   It insulates you from electricity.
   It lets you turn invisible.
   It makes you more stealthy.
 v - an uncursed ring of stealth
   (You found it on level 6 of the Dungeon)
 y - an amulet of magic regeneration (around neck)
   (You found it on level 6 of the Dungeon)
 P - an uncursed ring of poison resistance
   (You found it on level 9 of the Dungeon)
 U - a +4 ring of protection (left hand)
   (You found it on level 4 of the Dungeon)
 Z - a +4 ring of intelligence
   (You found it on level 1 of the Spider Nest)
Wands
 d - a wand of digging (5)
 g - a wand of enslavement (3)
 p - a wand of paralysis (1)
 I - a wand of polymorph (3)
 N - a wand of iceblast (5)
 Q - a wand of scattershot (6)
Scrolls
 i - 2 scrolls of identify
 n - 7 scrolls of teleportation
 r - 5 scrolls of remove curse
 u - a scroll of immolation
 z - a scroll of enchant weapon
 C - a scroll of fear
 H - a scroll of vulnerability
 J - a scroll of fog
 S - a scroll of enchant armour
Potions
 j - a potion of brilliance
 s - a potion of berserk rage
 x - a potion of lignification
 K - a potion of might
 X - 2 potions of curing
Books
 e - a book of Air
   (You found it on level 5 of the Dungeon)

   Spells                             Type                      Level
   a - Shock                          Conjuration/Air              1
   b - Swiftness                      Charms/Air                   2
   c - Static Discharge               Conjuration/Air              3
   d - Airstrike                      Air                          4
   e - Lightning Bolt                 Conjuration/Air              5
 h - a book of Frost

   Spells                             Type                      Level
   a - Freeze                         Ice                          1
   b - Throw Frost                    Conjuration/Ice              2
   c - Ozocubu's Armour               Charms/Ice                   3
   d - Throw Icicle                   Conjuration/Ice              4
   e - Summon Ice Beast               Ice/Summoning                4
 A - a book of the Sky
   (You found it on level 3 of the Lair of Beasts)

   Spells                             Type                      Level
   a - Summon Lightning Spire         Summoning/Air                4
   b - Silence                        Hexes/Air                    5
   c - Deflect Missiles               Charms/Air                   6
   d - Conjure Ball Lightning         Conjuration/Air              6
   e - Tornado                        Air                          9
 V - a book of Party Tricks
   (You found it on level 4 of the Lair of Beasts)

   Spells                             Type                      Level
   a - Summon Butterflies             Summoning                    1
   b - Apportation                    Translocation                1
   c - Lesser Beckoning               Translocation                3
   d - Tukima's Dance                 Hexes                        3
   e - Alistair's Intoxication        Transmutation/Poison         5
   f - Invisibility                   Hexes                        6
Miscellaneous
 o - a lamp of fire
 L - a lightning rod (4/4)
Comestibles
 c - 9 rations


   Skills:
 + Level 8.4 Fighting
 + Level 8.4 Short Blades
 + Level 8.4 Long Blades
 + Level 8.4 Axes
 + Level 8.4 Maces & Flails
 + Level 8.4 Polearms
 + Level 8.4 Staves
 + Level 8.4 Slings
 + Level 8.4 Bows
 + Level 8.4 Crossbows
 + Level 8.4 Throwing
 + Level 8.4 Armour
 + Level 9.6 Dodging
 + Level 9.5 Stealth
 + Level 8.4 Shields
 + Level 8.4 Unarmed Combat
 + Level 9.8 Spellcasting
 + Level 7.4 Conjurations
 + Level 7.0 Hexes
 + Level 7.0 Charms
 + Level 7.0 Summonings
 + Level 7.0 Necromancy
 + Level 7.0 Translocations
 + Level 7.0 Transmutations
 + Level 7.0 Fire Magic
 + Level 9.0 Ice Magic
 + Level 7.0 Air Magic
 + Level 7.0 Earth Magic
 + Level 7.0 Poison Magic
 + Level 9.2 Invocations
 + Level 8.4 Evocations


You had 9 spell levels left.
You knew the following spells:

 Your Spells              Type           Power        Failure   Level  Hunger
a - Freeze                Ice            ####         1%          1    None
d - Static Discharge      Conj/Air       ######..     1%          3    None
i - Throw Icicle          Conj/Ice       ######..     1%          4    None
j - Throw Frost           Conj/Ice       ######       1%          2    None
o - Ozocubu's Armour      Chrm/Ice       ######..     1%          3    None
x - Summon Ice Beast      Ice/Summ       ######..     1%          4    None
A - Apportation           Tloc           ######       1%          1    None
L - Summon Lightning Spi  Summ/Air       ######..     1%          4    None


Dungeon Overview and Level Annotations

Branches:
Dungeon (10/15)            Temple (1/1) D:4            Lair (5/6) D:9
 Spider (4/4) Lair:4
  Swamp: Lair:2-4    Shoals: Lair:2-4     Slime: Lair:5-6       Orc: D:9-12

Altars:
Ashenzari
Cheibriados
Elyvilon
Hepliaklqana
Kikubaaqudgha
Ru
Sif Muna
Trog
Wu Jian
Xom
The Shining One

Shops:
D:9 }

Annotations:
D:4 Redear's ghost, amateur VSMo
D:5 Grinder
D:7 1 runed door
D:8 Kairos's ghost, novice HuFi
D:9 exclusion: ugly thing
Spider:3 Aizul


Innate Abilities, Weirdness & Mutations

Your experience applies equally to all skills.
You have very sharp teeth.
Your uncanny sense of smell can sniff out nearby items.


Message History

Something closely misses your emperor scorpion.
You puncture the emperor scorpion!
You bite the emperor scorpion, but do no damage.
The emperor scorpion is severely wounded.
The redback closely misses your emperor scorpion.
The emperor scorpion barely misses you.
The emperor scorpion closely misses you.
The emperor scorpion completely misses you.
Something completely misses your emperor scorpion.
Something closely misses your emperor scorpion.
Something stings your emperor scorpion but does no damage.
The emperor scorpion barely misses your emperor scorpion.
The emperor scorpion claws your emperor scorpion but does no damage. x2
You catch the helpless emperor scorpion completely off-guard!
You spit the emperor scorpion like a pig!!!
You kill the emperor scorpion!
Cheibriados thoroughly appreciates the change of pace.
The orb spider misses you.
Something closely misses your emperor scorpion.
Something hits your emperor scorpion but does no damage.
Something stings your emperor scorpion.
The redback misses your emperor scorpion.
Your emperor scorpion stings the redback but does no damage.
Your emperor scorpion barely misses the redback. x2
Unknown command.
You hit the orb spider but do no damage.
Something hits your emperor scorpion but does no damage. x2
Something completely misses your emperor scorpion.
The orb spider weaves a glowing orb of energy.
The emperor scorpion stings your emperor scorpion!
The emperor scorpion claws your emperor scorpion but does no damage.
The emperor scorpion barely misses your emperor scorpion.
Something barely misses your emperor scorpion.
Something hits your emperor scorpion but does no damage.
Something stings your emperor scorpion but does no damage.
An orb of destruction comes into view.
You warp the flow of time around you!
You feel somewhat more hungry.
Unknown command.
Okay, then.
Casting: Throw Icicle
Confirm with . or Enter, or press ? or * to list all spells.
Aiming: Summon Lightning Spire
Press: ? - help, Dir - move target cursor An electric hum fills the air.
The emperor scorpion stings your lightning spire!
The emperor scorpion claws your lightning spire! x2
The redback closely misses you.
Unknown command.
You are confused.
You feel invigorated. The redback closely misses you.
The emperor scorpion stings your lightning spire.
The emperor scorpion claws your lightning spire but does no damage.
The emperor scorpion claws your lightning spire!
Your lightning spire is destroyed!
The redback closely misses you.
Unknown command.
The redback closely misses you.
Unknown command.
Your icy armour evaporates.
The redback completely misses you. x2
Unknown command.
You hit the emperor scorpion.
You kill the emperor scorpion!
Cheibriados appreciates the change of pace.
The redback completely misses you.
You enter the shallow water.
Moving in this stuff is going to be slow. ...and don't expect to remain undetected.
You feel less invigorated.
You feel less confused. The redback completely misses you.
You feel you are being watched by something.
You feel your power leaking away. The redback barely misses you.
The redback bites you.
* * * LOW HITPOINT WARNING * * *
You see here a wolf spider corpse.
Unknown command.
Something misses you. Something hits you!
* * * LOW HITPOINT WARNING * * *
Something closely misses you. Something hits you.
* * * LOW HITPOINT WARNING * * *
Something closely misses you. Something misses you.
The emperor scorpion stings you!!
* * * LOW HITPOINT WARNING * * *
The emperor scorpion claws you but does no damage.
The emperor scorpion closely misses you.
You hear an angry hiss.
Unknown command.
You can feel time thicken for a moment.
You kill the redback!
Cheibriados thoroughly appreciates the change of pace.
You feel somewhat more hungry.
Cheibriados lowers the support of your attributes as your movement quickens.
Something hits you.
* * * LOW HITPOINT WARNING * * *
You feel dopey. Something hits you!
You die...

*,,,,,,,,,,,,,,,,,,,,,,,∆##......
,≈,,,,,,,,,,,,,,,,,,,,,,,#.......
,,,,,,,,,,.,,,#####,,,,,##.......
,,,,,,,,.##^≈##.≈.###,≈##....†.≈†
,,,,,,,,...s##.^.^≈.####..≈≈^..≈#
,,,,,,,,....(.....(≈.^########(^≈
,,,,,,,,....(.(......≈.^....^^†..
,,,,,,,,.........(...#..^^.^..†..
,,,,,,,≈.^....†s@^......^....^...
,,,,,,,,*#(^†.(†≈....#.....^.^...
,,,,,,,,^.^#####.≈≈......^..^...≈
*,,,,,,,,,∆,,,∆########..^.^^≈.^#
***,,,,,,,,,,,,,,,≈,,*########..≈
***,,,,,,,,,,,,,,,,,*,...≈.^^..
*≈,,,,,,,,,,,,,,,,**.........
***,,≈,,,,,,,,,,,,,*#........
***≈,,,,,,,,,,,,,∆##.....^≈


You could see an emperor scorpion and an orb spider (wandering).

Vanquished Creatures
  4 emperor scorpions
  A minotaur (Lab)
  A hydra (Lair:3)
  2 two-headed ogres (D:9)
  2 orb spiders
  4 wolf spiders
  A moth of wrath (Spider:4)
  2 spiny frogs
  5 demonic crawlers
  A freezing wraith (IceCv)
  A polar bear (D:8)
  A troll (D:9)
  16 jumping spiders
  3 hornets
  3 hippogriffs
  21 redbacks
  5 yaks
  11 tarantellas
  3 hungry ghosts (Lab)
  A water moccasin (Lair:5)
  A necrophage (D:7)
  A sky beast (D:6)
  2 ogres
  2 black bears
  An ice beast (D:9)
  A phantom (D:6)
  4 wolves
  2 centaurs
  4 crocodiles
  4 bullfrogs
  A wyvern skeleton (D:8)
  3 killer bees (D:8)
  A scorpion (D:8)
  A swamp dragon simulacrum (IceCv)
  2 howler monkeys (D:7)
  3 troll skeletons (Lab)
  A crimson imp (D:6)
  A draconian simulacrum (IceCv)
  A bullfrog skeleton (D:4)
  2 orc priests (D:7)
  A centaur skeleton (D:9)
  6 hounds
  3 jellies
  2 iguanas
  3 orc wizards
  4 worker ants
  A polar bear simulacrum (IceCv)
  A hound skeleton (D:8)
  A killer bee simulacrum (D:8)
  A worker ant zombie (D:9)
  A gnoll (D:1)
  2 howler monkey skeletons
  4 adders
  An ogre simulacrum (IceCv)
  2 shadow imps
  A white imp (D:8)
  2 ufetubi (D:8)
  An ooze (D:7)
  3 adder skeletons
  A worm (D:2)
  A leopard gecko (D:6)
  12 orcs
  4 bats
  3 giant cockroaches
  5 hobgoblins
  2 jackals (D:9)
  3 quokkas
  3 goblins
  10 kobolds
  A rat (D:2)
211 creatures vanquished.

Vanquished Creatures (collateral kills)
  A hydra (Lair:2)
  7 orb spiders
  4 wolf spiders (Spider:4)
  A moth of wrath (Spider:4)
  A spiny frog (Lair:3)
  A freezing wraith (IceCv)
  An ice devil (IceCv)
  A komodo dragon (Lair:3)
  A demonic crawler (Spider:4)
  5 jumping spiders
  3 hornets
  4 hippogriffs
  28 redbacks
  7 tarantellas
  A wyvern (Lair:3)
  A basilisk (Lair:1)
  13 yaks
  A hungry ghost (Lab)
  3 vampire mosquitoes (Spider:4)
  4 water moccasins (Lair:3)
  An ice beast (D:8)
  2 wolves
  An ogre (D:7)
  2 crocodiles
  A big kobold (D:9)
  A bullfrog (D:7)
  A troll skeleton (Lab)
  A howler monkey (D:7)
  A hound (D:9)
  2 draconian simulacra (IceCv)
  An iguana (D:7)
  An orc wizard (D:7)
  A worker ant (D:7)
  A worker ant zombie (D:7)
  An adder (D:7)
  A naga simulacrum (IceCv)
  A white imp (D:8)
  3 ufetubi
  6 orcs
  2 jackals (D:9)
119 creatures vanquished.

Vanquished Creatures (others)
  2 wolf spiders (Spider:4)
  2 jumping spiders (Spider:4)
  An ufetubus (IceCv)
5 creatures vanquished.

Grand Total: 335 creatures vanquished

Notes
Turn   | Place    | Note
-------+----------+-------------------------------------------
     0 | D:1      | tidbits the Gnoll Ice Elementalist began the quest for the Orb.
     0 | D:1      | Reached XP level 1. HP: 13/13 MP: 6/6
    29 | D:2      | Found a glowing golden altar of the Shining One.
    37 | D:1      | Reached skill level 2 in Conjurations
    37 | D:1      | Reached XP level 2. HP: 8/20 MP: 3/7
   199 | D:1      | Learned a level 2 spell: Throw Frost
   223 | D:2      | Found a sacrificial altar of Ru.
   312 | D:2      | Reached XP level 3. HP: 16/25 MP: 5/9
   317 | D:2      | Learned a level 3 spell: Ozocubu's Armour
   353 | D:2      | Reached skill level 5 in Spellcasting
   464 | D:3      | Reached skill level 1 in Invocations
   467 | D:3      | Reached skill level 1 in Fighting
   467 | D:3      | Reached skill level 1 in Short Blades
   467 | D:3      | Reached skill level 1 in Long Blades
   467 | D:3      | Reached skill level 1 in Axes
   467 | D:3      | Reached skill level 1 in Maces & Flails
   467 | D:3      | Reached skill level 1 in Polearms
   467 | D:3      | Reached skill level 1 in Staves
   467 | D:3      | Reached skill level 1 in Slings
   467 | D:3      | Reached skill level 1 in Bows
   467 | D:3      | Reached skill level 1 in Crossbows
   467 | D:3      | Reached skill level 1 in Throwing
   467 | D:3      | Reached skill level 1 in Armour
   467 | D:3      | Reached skill level 1 in Shields
   467 | D:3      | Reached skill level 1 in Unarmed Combat
   467 | D:3      | Reached skill level 1 in Evocations
   467 | D:3      | Reached XP level 4. HP: 28/32 MP: 4/11
   471 | D:3      | Reached skill level 1 in Hexes
   471 | D:3      | Reached skill level 1 in Charms
   471 | D:3      | Reached skill level 1 in Summonings
   471 | D:3      | Reached skill level 1 in Necromancy
   471 | D:3      | Reached skill level 1 in Translocations
   471 | D:3      | Reached skill level 1 in Transmutations
   471 | D:3      | Reached skill level 1 in Fire Magic
   471 | D:3      | Reached skill level 1 in Air Magic
   471 | D:3      | Reached skill level 1 in Earth Magic
   471 | D:3      | Reached skill level 1 in Poison Magic
   472 | D:3      | HP: 2/32 [orc/mace (4)]
   492 | D:4      | Found a staircase to the Ecumenical Temple.
   640 | D:5      | Entered Level 5 of the Dungeon
   733 | D:4      | Reached XP level 5. HP: 23/37 MP: 3/12
   741 | D:4      | Found a deep blue altar of Sif Muna.
   782 | Temple   | Entered the Ecumenical Temple
   803 | Temple   | Became a worshipper of Cheibriados the Contemplative
   860 | D:4      | Noticed Redear's ghost (amateur VSMo)
   912 | D:5      | Noticed an ogre
   919 | D:5      | Killed an ogre
   919 | D:5      | Reached skill level 2 in Invocations
   919 | D:5      | Reached XP level 6. HP: 37/44 MP: 10/14
   945 | D:5      | Reached skill level 2 in Fighting
   945 | D:5      | Reached skill level 2 in Short Blades
   945 | D:5      | Reached skill level 2 in Long Blades
   945 | D:5      | Reached skill level 2 in Axes
   945 | D:5      | Reached skill level 2 in Maces & Flails
   945 | D:5      | Reached skill level 2 in Polearms
   945 | D:5      | Reached skill level 2 in Staves
   945 | D:5      | Reached skill level 2 in Slings
   945 | D:5      | Reached skill level 2 in Bows
   945 | D:5      | Reached skill level 2 in Crossbows
   945 | D:5      | Reached skill level 2 in Throwing
   945 | D:5      | Reached skill level 2 in Armour
   945 | D:5      | Reached skill level 5 in Dodging
   945 | D:5      | Reached skill level 2 in Shields
   945 | D:5      | Reached skill level 2 in Unarmed Combat
   945 | D:5      | Reached skill level 2 in Evocations
   966 | D:5      | Found a glowing golden altar of the Shining One.
  1070 | D:5      | Noticed Grinder
  1080 | D:6      | Noticed a black bear
  1090 | D:6      | Killed a black bear
  1090 | D:6      | Reached XP level 7. HP: 21/50 MP: 3/15
  1105 | D:6      | Learned a level 4 spell: Summon Ice Beast
  1215 | D:7      | Reached skill level 2 in Hexes
  1215 | D:7      | Reached skill level 2 in Charms
  1215 | D:7      | Reached skill level 2 in Summonings
  1215 | D:7      | Reached skill level 2 in Necromancy
  1215 | D:7      | Reached skill level 2 in Translocations
  1215 | D:7      | Reached skill level 2 in Transmutations
  1215 | D:7      | Reached skill level 2 in Fire Magic
  1215 | D:7      | Reached skill level 2 in Air Magic
  1215 | D:7      | Reached skill level 2 in Earth Magic
  1215 | D:7      | Reached skill level 2 in Poison Magic
  1217 | D:7      | Reached skill level 3 in Conjurations
  1239 | D:6      | Reached skill level 5 in Stealth
  1259 | D:6      | Reached * piety under Cheibriados
  1259 | D:6      | Reached skill level 3 in Invocations
  1274 | D:6      | Reached XP level 8. HP: 25/57 MP: 8/16
  1305 | D:6      | Reached skill level 6 in Ice Magic
  1382 | D:7      | Reached skill level 3 in Fighting
  1382 | D:7      | Reached skill level 3 in Short Blades
  1382 | D:7      | Reached skill level 3 in Long Blades
  1382 | D:7      | Reached skill level 3 in Axes
  1382 | D:7      | Reached skill level 3 in Maces & Flails
  1382 | D:7      | Reached skill level 3 in Polearms
  1382 | D:7      | Reached skill level 3 in Staves
  1382 | D:7      | Reached skill level 3 in Slings
  1382 | D:7      | Reached skill level 3 in Bows
  1382 | D:7      | Reached skill level 3 in Crossbows
  1382 | D:7      | Reached skill level 3 in Throwing
  1382 | D:7      | Reached skill level 3 in Armour
  1382 | D:7      | Reached skill level 3 in Shields
  1382 | D:7      | Reached skill level 3 in Unarmed Combat
  1382 | D:7      | Reached skill level 3 in Evocations
  1418 | D:7      | Reached skill level 6 in Spellcasting
  1478 | D:7      | Noticed an angel
  1479 | D:7      | Found a glowing golden altar of the Shining One.
  1480 | D:7      | Found a runed door.
  1526 | D:7      | Learned a level 4 spell: Throw Icicle
  1571 | D:8      | Found a shattered altar of Ashenzari.
  1618 | D:8      | Noticed Kairos's ghost (novice HuFi)
  1620 | D:9      | Noticed a two-headed ogre
  1657 | D:9      | Noticed a white ugly thing
  1723 | D:9      | Noticed a troll
  1729 | D:9      | Reached ** piety under Cheibriados
  1729 | D:9      | Reached skill level 4 in Invocations
  1731 | D:9      | Reached skill level 3 in Hexes
  1731 | D:9      | Reached skill level 3 in Charms
  1731 | D:9      | Reached skill level 3 in Summonings
  1731 | D:9      | Reached skill level 3 in Necromancy
  1731 | D:9      | Reached skill level 3 in Translocations
  1731 | D:9      | Reached skill level 3 in Transmutations
  1731 | D:9      | Reached skill level 3 in Fire Magic
  1731 | D:9      | Reached skill level 3 in Air Magic
  1731 | D:9      | Reached skill level 3 in Earth Magic
  1731 | D:9      | Reached skill level 3 in Poison Magic
  1740 | D:9      | Killed a troll
  1740 | D:9      | Reached skill level 6 in Dodging
  1740 | D:9      | Reached XP level 9. HP: 11/65 MP: 1/18
  1800 | D:9      | Found a sacrificial altar of Ru.
  1820 | D:9      | Killed a two-headed ogre
  1820 | D:9      | Reached skill level 4 in Fighting
  1820 | D:9      | Reached skill level 4 in Short Blades
  1820 | D:9      | Reached skill level 4 in Long Blades
  1820 | D:9      | Reached skill level 4 in Axes
  1820 | D:9      | Reached skill level 4 in Maces & Flails
  1820 | D:9      | Reached skill level 4 in Polearms
  1820 | D:9      | Reached skill level 4 in Staves
  1820 | D:9      | Reached skill level 4 in Slings
  1820 | D:9      | Reached skill level 4 in Bows
  1820 | D:9      | Reached skill level 4 in Crossbows
  1820 | D:9      | Reached skill level 4 in Throwing
  1820 | D:9      | Reached skill level 4 in Armour
  1820 | D:9      | Reached skill level 4 in Shields
  1820 | D:9      | Reached skill level 4 in Unarmed Combat
  1820 | D:9      | Reached skill level 4 in Conjurations
  1820 | D:9      | Reached skill level 4 in Evocations
  1833 | D:9      | Reached skill level 6 in Stealth
  2061 | D:8      | Noticed a polar bear
  2075 | D:8      | Killed a polar bear
  2084 | D:8      | Reached skill level 5 in Invocations
  2159 | D:8      | Reached *** piety under Cheibriados
  2210 | D:8      | Reached skill level 7 in Spellcasting
  2210 | D:8      | Reached XP level 10. HP: 49/73 MP: 4/20
  2259 | D:10     | Entered Level 10 of the Dungeon
  2324 | D:9      | Noticed a two-headed ogre
  2336 | D:9      | Killed a two-headed ogre
  2336 | D:9      | Reached skill level 5 in Fighting
  2336 | D:9      | Reached skill level 5 in Short Blades
  2336 | D:9      | Reached skill level 5 in Long Blades
  2336 | D:9      | Reached skill level 5 in Axes
  2336 | D:9      | Reached skill level 5 in Maces & Flails
  2336 | D:9      | Reached skill level 5 in Polearms
  2336 | D:9      | Reached skill level 5 in Staves
  2336 | D:9      | Reached skill level 5 in Slings
  2336 | D:9      | Reached skill level 5 in Bows
  2336 | D:9      | Reached skill level 5 in Crossbows
  2336 | D:9      | Reached skill level 5 in Throwing
  2336 | D:9      | Reached skill level 5 in Armour
  2336 | D:9      | Reached skill level 5 in Shields
  2336 | D:9      | Reached skill level 5 in Unarmed Combat
  2336 | D:9      | Reached skill level 4 in Hexes
  2336 | D:9      | Reached skill level 4 in Charms
  2336 | D:9      | Reached skill level 4 in Summonings
  2336 | D:9      | Reached skill level 4 in Necromancy
  2336 | D:9      | Reached skill level 4 in Translocations
  2336 | D:9      | Reached skill level 4 in Transmutations
  2336 | D:9      | Reached skill level 4 in Fire Magic
  2336 | D:9      | Reached skill level 4 in Air Magic
  2336 | D:9      | Reached skill level 4 in Earth Magic
  2336 | D:9      | Reached skill level 4 in Poison Magic
  2336 | D:9      | Reached skill level 5 in Evocations
  2347 | D:9      | Reached skill level 7 in Ice Magic
  2358 | D:9      | Reached skill level 7 in Dodging
  2374 | D:9      | Found Waroa's Gadget Shoppe.
  2375 | D:9      | Found a staircase to the Lair.
  2441 | Lair:1   | Entered Level 1 of the Lair of Beasts
  2576 | Lair:1   | Reached skill level 5 in Conjurations
  2589 | Lair:1   | Found a labyrinth entrance.
  2619 | Lab      | Entered a labyrinth
  2710 | Lab      | Reached **** piety under Cheibriados
  2710 | Lab      | Reached skill level 6 in Invocations
  2724 | Lab      | Reached skill level 7 in Stealth
  2909 | Lab      | Noticed a minotaur
  2915 | Lab      | Killed a minotaur
  2915 | Lab      | Reached XP level 11. HP: 81/81 MP: 19/22
  2917 | Lab      | Found the -2 hat of the Alchemist {rElec rPois rF+ rC+ rN+ MR+ rMut rCorr}
  2917 | Lab      | Identified the amulet "Yjuossut" {Inacc rN+} (You found it in a labyrinth)
  2923 | Lab      | Got an encrusted plate armour
  2923 | Lab      | Got a pair of smoking boots
  2929 | Lab      | Identified the +2 pair of boots "Wibomuiw" {MR- Str+4 Dex+8} (You found it in a labyrinth)
  3134 | Lair:2   | Noticed a six-headed hydra
  3143 | Lair:2   | Killed a six-headed hydra
  3143 | Lair:2   | Reached skill level 6 in Fighting
  3143 | Lair:2   | Reached skill level 6 in Short Blades
  3143 | Lair:2   | Reached skill level 6 in Long Blades
  3143 | Lair:2   | Reached skill level 6 in Axes
  3143 | Lair:2   | Reached skill level 6 in Maces & Flails
  3143 | Lair:2   | Reached skill level 6 in Polearms
  3143 | Lair:2   | Reached skill level 6 in Staves
  3143 | Lair:2   | Reached skill level 6 in Slings
  3143 | Lair:2   | Reached skill level 6 in Bows
  3143 | Lair:2   | Reached skill level 6 in Crossbows
  3143 | Lair:2   | Reached skill level 6 in Throwing
  3143 | Lair:2   | Reached skill level 6 in Armour
  3143 | Lair:2   | Reached skill level 6 in Shields
  3143 | Lair:2   | Reached skill level 6 in Unarmed Combat
  3143 | Lair:2   | Reached skill level 6 in Evocations
  3189 | Lair:3   | Reached skill level 5 in Hexes
  3189 | Lair:3   | Reached skill level 5 in Charms
  3189 | Lair:3   | Reached skill level 5 in Summonings
  3189 | Lair:3   | Reached skill level 5 in Necromancy
  3189 | Lair:3   | Reached skill level 5 in Translocations
  3189 | Lair:3   | Reached skill level 5 in Transmutations
  3189 | Lair:3   | Reached skill level 5 in Fire Magic
  3189 | Lair:3   | Reached skill level 5 in Air Magic
  3189 | Lair:3   | Reached skill level 5 in Earth Magic
  3189 | Lair:3   | Reached skill level 5 in Poison Magic
  3197 | Lair:3   | Reached skill level 8 in Spellcasting
  3371 | Lair:3   | Identified the +4 plate armour of the Furies {rPois Int+4 Stlth+} (You found it in a labyrinth)
  3501 | Lair:3   | Noticed a seven-headed hydra
  3504 | Lair:3   | Killed a seven-headed hydra
  3504 | Lair:3   | Reached skill level 8 in Dodging
  3504 | Lair:3   | Reached skill level 7 in Invocations
  3541 | Lair:4   | Reached ***** piety under Cheibriados
  3550 | Lair:4   | Learned a level 1 spell: Apportation
  3562 | Lair:5   | Noticed a death yak
  3562 | Lair:5   | Noticed a death yak
  3721 | Lair:4   | Found a hole to the Spider Nest.
  3742 | Lair:4   | Learned a level 4 spell: Summon Lightning Spire
  3745 | Spider:1 | Entered Level 1 of the Spider Nest
  3761 | Spider:1 | Reached skill level 6 in Conjurations
  3767 | Spider:1 | Noticed an orb spider
  3773 | Spider:1 | Killed an orb spider
  3773 | Spider:1 | Reached skill level 8 in Stealth
  3773 | Spider:1 | Reached XP level 12. HP: 43/89 MP: 15/24
  3815 | Spider:1 | Reached skill level 8 in Ice Magic
  3905 | Spider:1 | Reached skill level 7 in Fighting
  3905 | Spider:1 | Reached skill level 7 in Short Blades
  3905 | Spider:1 | Reached skill level 7 in Long Blades
  3905 | Spider:1 | Reached skill level 7 in Axes
  3905 | Spider:1 | Reached skill level 7 in Maces & Flails
  3905 | Spider:1 | Reached skill level 7 in Polearms
  3905 | Spider:1 | Reached skill level 7 in Staves
  3905 | Spider:1 | Reached skill level 7 in Slings
  3905 | Spider:1 | Reached skill level 7 in Bows
  3905 | Spider:1 | Reached skill level 7 in Crossbows
  3905 | Spider:1 | Reached skill level 7 in Throwing
  3905 | Spider:1 | Reached skill level 7 in Armour
  3905 | Spider:1 | Reached skill level 7 in Shields
  3905 | Spider:1 | Reached skill level 7 in Unarmed Combat
  3905 | Spider:1 | Reached skill level 7 in Evocations
  3969 | Spider:1 | Learned a level 3 spell: Static Discharge
  4009 | Spider:2 | HP: 11/136 [demonic crawler (4)]
  4037 | Spider:3 | Noticed an emperor scorpion
  4094 | Spider:3 | Reached skill level 6 in Hexes
  4094 | Spider:3 | Reached skill level 6 in Charms
  4094 | Spider:3 | Reached skill level 6 in Summonings
  4094 | Spider:3 | Reached skill level 6 in Necromancy
  4094 | Spider:3 | Reached skill level 6 in Translocations
  4094 | Spider:3 | Reached skill level 6 in Transmutations
  4094 | Spider:3 | Reached skill level 6 in Fire Magic
  4094 | Spider:3 | Reached skill level 6 in Air Magic
  4094 | Spider:3 | Reached skill level 6 in Earth Magic
  4094 | Spider:3 | Reached skill level 6 in Poison Magic
  4100 | Spider:3 | Noticed an emperor scorpion
  4107 | Spider:3 | Killed an emperor scorpion
  4107 | Spider:3 | Reached skill level 8 in Invocations
  4110 | Spider:3 | Reached skill level 9 in Spellcasting
  4162 | Spider:3 | Got a coiled pewter ring
  4164 | Spider:3 | Identified the ring of Incredulity {+Inv rElec Int-2 Stlth+} (You found it on level 3 of the Spider Nest)
  4166 | Spider:4 | Entered Level 4 of the Spider Nest
  4237 | Spider:3 | Killed an emperor scorpion
  4298 | Spider:3 | Noticed Aizul
  4317 | Spider:4 | Reached skill level 9 in Dodging
  4325 | Spider:4 | Found a frozen archway.
  4339 | IceCv    | Entered an ice cave
  4454 | Spider:4 | Reached XP level 13. HP: 57/98 MP: 23/26
  4500 | Spider:3 | Reached skill level 9 in Stealth
  4563 | Spider:4 | Reached skill level 7 in Conjurations
  4581 | Spider:4 | Reached ****** piety under Cheibriados
  4613 | Spider:4 | Reached skill level 8 in Fighting
  4613 | Spider:4 | Reached skill level 8 in Short Blades
  4613 | Spider:4 | Reached skill level 8 in Long Blades
  4613 | Spider:4 | Reached skill level 8 in Axes
  4613 | Spider:4 | Reached skill level 8 in Maces & Flails
  4613 | Spider:4 | Reached skill level 8 in Polearms
  4613 | Spider:4 | Reached skill level 8 in Staves
  4613 | Spider:4 | Reached skill level 8 in Slings
  4613 | Spider:4 | Reached skill level 8 in Bows
  4613 | Spider:4 | Reached skill level 8 in Crossbows
  4613 | Spider:4 | Reached skill level 8 in Throwing
  4613 | Spider:4 | Reached skill level 8 in Armour
  4613 | Spider:4 | Reached skill level 8 in Shields
  4613 | Spider:4 | Reached skill level 8 in Unarmed Combat
  4613 | Spider:4 | Reached skill level 8 in Evocations
  4776 | Spider:4 | Reached skill level 9 in Invocations
  4861 | Spider:4 | Noticed an emperor scorpion
  4864 | Spider:4 | Noticed an emperor scorpion
  4872 | Spider:4 | Reached skill level 7 in Hexes
  4872 | Spider:4 | Reached skill level 7 in Charms
  4872 | Spider:4 | Reached skill level 7 in Summonings
  4872 | Spider:4 | Reached skill level 7 in Necromancy
  4872 | Spider:4 | Reached skill level 7 in Translocations
  4872 | Spider:4 | Reached skill level 7 in Transmutations
  4872 | Spider:4 | Reached skill level 7 in Fire Magic
  4872 | Spider:4 | Reached skill level 9 in Ice Magic
  4872 | Spider:4 | Reached skill level 7 in Air Magic
  4872 | Spider:4 | Reached skill level 7 in Earth Magic
  4872 | Spider:4 | Reached skill level 7 in Poison Magic
  4873 | Spider:4 | HP: 4/99 [emperor scorpion (18)]
  4874 | Spider:4 | Noticed an emperor scorpion
  4890 | Spider:4 | HP: 4/99 [emperor scorpion (29)]
  4896 | Spider:4 | Killed an emperor scorpion
  4902 | Spider:4 | Killed an emperor scorpion
  4905 | Spider:4 | HP: 9/99 [something (5)]
  4905 | Spider:4 | Slain by a ghost moth

Skill      XL: |  1  2  3  4  5  6  7  8  9 10 11 12 13 |
---------------+----------------------------------------+-----
Conjurations   | 2 3 4 5 6 7 |  7.4
Spellcasting   | 5 6 7 8 9 |  9.8
Invocations    | 1 2 3 4 5 6 7 8 9 |  9.2
Fighting       | 1 2 3 4 5 6 7 8 |  8.4
Short Blades   | 1 2 3 4 5 6 7 8 |  8.4
Long Blades    | 1 2 3 4 5 6 7 8 |  8.4
Axes           | 1 2 3 4 5 6 7 8 |  8.4
Maces & Flails | 1 2 3 4 5 6 7 8 |  8.4
Polearms       | 1 2 3 4 5 6 7 8 |  8.4
Staves         | 1 2 3 4 5 6 7 8 |  8.4
Slings         | 1 2 3 4 5 6 7 8 |  8.4
Bows           | 1 2 3 4 5 6 7 8 |  8.4
Crossbows      | 1 2 3 4 5 6 7 8 |  8.4
Throwing       | 1 2 3 4 5 6 7 8 |  8.4
Armour         | 1 2 3 4 5 6 7 8 |  8.4
Shields        | 1 2 3 4 5 6 7 8 |  8.4
Unarmed Combat | 1 2 3 4 5 6 7 8 |  8.4
Evocations     | 1 2 3 4 5 6 7 8 |  8.4
Hexes          | 1 2 3 4 5 6 7 |  7.0
Charms         | 1 2 3 4 5 6 7 |  7.0
Summonings     | 1 2 3 4 5 6 7 |  7.0
Necromancy     | 1 2 3 4 5 6 7 |  7.0
Translocations | 1 2 3 4 5 6 7 |  7.0
Transmutations | 1 2 3 4 5 6 7 |  7.0
Fire Magic     | 1 2 3 4 5 6 7 |  7.0
Air Magic      | 1 2 3 4 5 6 7 |  7.0
Earth Magic    | 1 2 3 4 5 6 7 |  7.0
Poison Magic   | 1 2 3 4 5 6 7 |  7.0
Dodging        | 5 6 7 8 9 |  9.6
Stealth        | 5 6 7 8 9 |  9.5
Ice Magic      | 6 7 8 9 |  9.0

Action                   |  1- 3 |  4- 6 |  7- 9 | 10-12 | 13-15 || total
-------------------------+-------+-------+-------+-------+-------++-------
Melee: Whip              |     2 |       |       |       |       ||     2
       Trident           |     9 |    28 |   125 |   158 |       ||   320
       Bite              |       |     1 |    16 |    49 |     6 ||    72
       Dagger            |       |     7 |    29 |    46 |     7 ||    89
       Punch             |       |       |     6 |    10 |     2 ||    18
       Unarmed           |       |       |    11 |     3 |       ||    14
       Flail             |       |       |       |    16 |    18 ||    34
 Fire: Hand crossbow     |       |       |       |    18 |       ||    18
Throw: Stone             |       |       |     1 |       |     7 ||     8
       Tomahawk          |       |       |       |    25 |    36 ||    61
 Cast: Freeze            |    26 |    30 |    35 |    67 |    27 ||   185
       Ozocubu's Armour  |       |     3 |    17 |    30 |    10 ||    60
       Summon Ice Beast  |       |       |    19 |    36 |     3 ||    58
       Throw Icicle      |       |       |     4 |    10 |     2 ||    16
       Throw Frost       |       |       |     3 |     1 |     3 ||     7
       Summon Lightning  |       |       |       |    26 |    23 ||    49
       Apportation       |       |       |       |    32 |    41 ||    73
       Static Discharge  |       |       |       |     2 |     4 ||     6
Invok: Bend Time         |       |       |     7 |       |       ||     7
       Temporal Distorti |       |       |       |     2 |     2 ||     4
       Slouch            |       |       |       |     1 |     5 ||     6
 Abil: Evoke Invisibilit |       |       |       |     1 |     1 ||     2
Evoke: Wand              |       |       |       |     7 |    17 ||    24
  Use: Scroll            |       |     5 |     5 |    14 |     1 ||    25
       Potion            |       |     3 |     4 |     3 |     4 ||    14
 Stab: Sleeping          |     3 |     6 |    14 |    17 |       ||    40
       Distracted        |       |       |     2 |     4 |     1 ||     7
       Paralysed         |       |       |       |     4 |       ||     4
       Invisible         |       |       |       |       |     2 ||     2
  Eat: Chunk             |       |       |     7 |     4 |       ||    11
       Ration            |       |       |       |     3 |       ||     3
Armor: Robe              |     2 |    23 |    62 |   117 |    37 ||   241
       Skin              |       |       |    18 |    28 |       ||    46
Dodge: Dodged            |    12 |    49 |   154 |   318 |   149 ||   682
Block: Other             |       |    13 |     6 |       |       ||    19

Table legend:
 A = Turns spent in this place as a percentage of turns spent in the entire game.
 B = Non-inter-level travel turns spent in this place as a percentage of non-inter-level travel turns spent in the entire game.
 C = Inter-level travel turns spent in this place as a percentage of turns spent in this place.
 D = Turns resting spent in this place as a percentage of non-inter-level travel turns spent in this place.
 E = Turns spent auto-exploring this place as a percentage of non-inter-level travel turns spent in this place.
 F = Non-inter-level travel turns spent in this place divided by the number of levels of this place that you've seen.
                   A       B       C       D       E      F
               +-------+-------+-------+-------+-------+----------------------
         Total | 100.0 | 100.0 |   0.8 |   0.0 |   0.0 | 221.1
       Dungeon |  48.9 |  48.9 |   0.9 |   0.0 |   0.0 | 237.7
        Temple |   0.9 |   0.5 |  45.2 |   0.0 |   0.0 |  23.0
          Lair |  19.8 |  20.0 |   0.0 |   0.0 |   0.0 | 194.2
   Spider Nest |  21.7 |  21.9 |   0.0 |   0.0 |   0.0 | 266.5
     Labyrinth |   6.8 |   6.8 |   0.0 |   0.0 |   0.0 | 333.0
      Ice Cave |   1.9 |   1.9 |   0.0 |   0.0 |   0.0 |  94.0
               +-------+-------+-------+-------+-------+----------------------

Table legend:
 A = Kills in this place as a percentage of kills in entire the game.
 B = Kills by you in this place as a percentage of kills by you in the entire game.
 C = Kills by friends in this place as a percentage of kills by friends in the entire game.
 D = Other kills in this place as a percentage of other kills in the entire game.
 E = Experience gained in this place as a percentage of experience gained in the entire game.
 F = Experience gained in this place divided by the number of levels of this place that you have seen.
                   A       B       C       D       E      F
               +-------+-------+-------+-------+-------+----------------------
         Total | 100.0 | 100.0 | 100.0 | 100.0 | 100.0 | 2259.0
       Dungeon |  43.7 |  54.0 |  26.1 |   0.0 |  14.2 | 705.5
          Lair |  12.3 |   9.0 |  18.5 |   0.0 |  15.3 | 1524.2
   Spider Nest |  38.0 |  31.3 |  48.7 | 100.0 |  65.1 | 8086.0
     Labyrinth |   2.7 |   3.3 |   1.7 |   0.0 |   3.7 | 1850.0
      Ice Cave |   3.3 |   2.4 |   5.0 |   0.0 |   1.7 | 828.0
               +-------+-------+-------+-------+-------+----------------------

Vault maps used:
D:1:      dpeg_arrival_radiant, minmay_misc_feat_ornament
D:2:      overflow_temple_1_default, st_stairs_9, lemuel_statue_altar
D:4:      overflow_temple_1_default, nicolae_qazlal_general_emergency,
          temple_fountains, serial_shops, shop
D:5:      first_ration, tso_metal_star, uniq_grinder
D:7:      amethyst_overflow_temple_binary, lemuel_angel_altar
D:8:      ashenzari_altar_1, serial_ice, serial_ice_j, serial_ice_h,
          serial_ice_n, serial_ice_g, serial_ice_d, serial_ice_m, serial_ice_f,
          grunt_livestock, hangedman_decor_opposing
D:9:      nicolae_overflow_hidden_temple, lair_entry_dummy, serial_shops,
          nicolae_shop_statue_plus
D:10:     nicolae_wwwww, uniq_snorg, uniq_urug
Temple:   dshaligram_water_room_temple
Lair:1:   wad_woods_structure_01, lab_entry_generic,
          hangedman_lair_unloving_vines
Lair:2:   swamp_mist, wad_woods_road_02, serial_bayou_lagoon_a,
          infiniplex_staircase_pool, minmay_lair_oklob_chamber
Lair:3:   grunt_megastairs_5
Lair:4:   spider_nest_entry_a, grunt_megastairs_4
Lair:5:   slaughterhouse, minivault_29
Spider:1: spider_trap
Spider:2: nicolae_spider_mines_2, nicolae_spider_circle_web
Spider:3: uniq_aizul
Spider:4: grunt_spider_rune_parallel, portal_ice_cave_entry_pillars_2,
          einodemon_crawler_minivault
Lab:      nicolae_lab_diamond, lab_hedge, lab_block, lab_fountain,
          nicolae_lab_garden
IceCv:    ice_cave_caverns_03
